 Dungeon Crawl Stone Soup version 0.31-a0-214-gb37851dbb3 (webtiles) character file.

Game seed: 6153115070156253580

120 qw the Shooter (level 5, 0/30 HPs)
             Began as a Gargoyle Hexslinger on July 1, 2023.
             Slain by Natasha (4 damage)
             ... on level 3 of the Dungeon.
             The game lasted 00:00:59 (2321 turns).

qw the Shooter (Gargoyle Hexslinger)                Turns: 2321, Time: 00:00:59

Health: 0/30       AC:  8    Str: 11    XL:     5   Next: 4%
Magic:  6/6        EV: 11    Int: 14    God:
Gold:   174        SH:  0    Dex: 14    Spells: 5/6 levels left

rFire   . . .        Y - +1 sling
rCold   . . .        (no shield)
rNeg    + . .        d - +0 leather armour
rPois   inf          f - +0 helmet
rElec   +            (no cloak)
rCorr   .            (no gloves)
SInv    .            (no boots)
Will    .....        g - amulet of the acrobat
Stlth   +            (no ring)
HPRegen 0.25/turn    (no ring)
MPRegen 0.10/turn

%: acrobat
@: about to teleport, slowed, very slow
A: sickness immunity, AC +4, negative energy resistance 1, electricity
resistance, torment resistance 1, petrification resistance
a: no special abilities


You were on level 3 of the Dungeon.
You visited 1 branch of the dungeon, and saw 3 of its levels.

You collected 174 gold pieces.


Innate Abilities, Weirdness & Mutations

You are immune to sickness and miasma.
Your stone body is resilient. (AC +4)
You are immune to poison.
You resist negative energy. (rN+)
You are resistant to electric shocks. (rElec)
You are resistant to unholy torment.
You are immune to petrification.


   Skills:
 - Level 2.0 Fighting
 + Level 4.7 Ranged Weapons
 - Level 1.5 Dodging
 - Level 1.0 Spellcasting
 - Level 2.6 Hexes


You had 5 spell levels left.
You knew the following spells:

 Your Spells              Type           Power      Damage    Failure   Level
a - Slow                  Hex            32%        N/A       12%         1

Your spell library contained the following spells:

 Spells                   Type           Power      Damage    Failure   Level
 Inner Flame              Hex/Fire       4%         N/A       52%         3
 Portal Projectile        Hex/Tloc       8%         N/A       52%         3
 Cause Fear               Hex            4%         N/A       75%         4

Inventory:

Hand Weapons
 Y - a +1 sling (weapon)
Armour
 d - a +0 leather armour (worn)
 f - a +0 helmet (worn)
Jewellery
 a - a ring of fire
 g - an amulet of the acrobat (around neck)
Scrolls
 b - 3 scrolls of identify
 c - a scroll of revelation {unknown}
 i - a scroll of teleportation
Potions
 e - a potion of magic {unknown}
 h - a potion of mutation {unknown}
 j - a potion of resistance {unknown}
 k - a potion of heal wounds {unknown}

Dungeon Overview and Level Annotations

Branches:
Dungeon (3/15)

Altars:
Dithmenos
Hepliaklqana
Makhleb

Annotations:
D:3 Natasha


Message History

Natasha closely misses you. The cerulean imp closely misses you.
Natasha mumbles some strange words.
You shoot a sling bullet. The sling bullet barely misses Natasha.
The sling bullet hits the cerulean imp!
The cerulean imp is heavily wounded.
The cerulean imp barely misses you.
Natasha casts a spell.
The cerulean imp hits you but does no damage.
Natasha claws you.
You shoot a sling bullet. The sling bullet hits Natasha.
Natasha is severely wounded.
The cerulean imp barely misses you.
The cerulean imp hits you but does no damage.
Natasha casts a spell at you. The magic dart hits you.
The cerulean imp hits you but does no damage.
You shoot a sling bullet. The sling bullet barely misses Natasha.
The sling bullet hits the cerulean imp.
You kill the cerulean imp!
The cerulean imp disappears in a puff of smoke!
The cerulean imp hits you but does no damage.
Natasha closely misses you.
The cerulean imp hits you from afar with a +2 spear.
The cerulean imp completely misses you. Natasha barely misses you.
You shoot a sling bullet. The sling bullet barely misses Natasha.
The sling bullet hits the cerulean imp.
The cerulean imp is moderately wounded.
The cerulean imp hits you from afar with a +2 spear.
The cerulean imp closely misses you. Natasha claws you!
The cerulean imp hits you but does no damage.
Natasha casts a spell at you. The magic dart hits you.
The cerulean imp hits you but does no damage.
2321 ||| READING 2 scrolls of teleportation.
As you read the scroll of teleportation, it crumbles to dust.
You feel strangely unstable. The cerulean imp barely misses you.
The cerulean imp hits you but does no damage.
Natasha claws you.
You die...

~###########~~~~~~~~.....#
~~~~~####~~~~~~~~~~......###
~~~~~~~~~~~~~~~~~~.......#<#
~~~~~~~~~~~~~~~~.##...#.##.####
~~~~~~~~~~~~~~#.......#.......#
...~~~~~~~~...#..#.......<#####
............#.5...........#
......#########h........#.#
......# #......@..##.....#
......# #.######5###.#.#.#
......####.#### #.# #.###.#
..............# .# #. #.#
.........##...## .# #.#
.........#.._..# .#
.........#.....# ..
.........####### .. ......####


You could see Natasha and 2 cerulean imps.

Vanquished Creatures
  Natasha (D:3)
  3 adders
  3 worms (D:2)
  2 dart slugs
  3 bats
  5 endoplasms
  2 goblins (D:1)
  3 hobgoblins
  4 jackals (D:2)
  3 kobolds
  4 quokkas
  8 ball pythons
  3 frilled lizards
  17 rats
61 creatures vanquished.

Notes
Turn   | Place    | Note
-------+----------+-------------------------------------------
     0 | D:1      | qw the Gargoyle Hexslinger began the quest for the Orb.
     0 | D:1      | Reached XP level 1. HP: 12/12 MP: 2/2
     0 | D:1      | 0 ||| qw: Version: 0.3-a-32-g5962c71
     0 | D:1      | 0 ||| qw: Game counter: 7659
     0 | D:1      | 0 ||| qw: Melee chars always use a shield: true
     0 | D:1      | 0 ||| qw: God list: Okawaru
     0 | D:1      | 0 ||| qw: Allow faded altars: false
     0 | D:1      | 0 ||| qw: Do Orc after clearing Dungeon:15 true
     0 | D:1      | 0 ||| qw: Do second Lair branch before Depths: true
     0 | D:1      | 0 ||| qw: Lair rune preference: random
     0 | D:1      | 0 ||| qw: Goals: Normal
     0 | D:1      | 0 ||| PLANNING D:1-11
   112 | D:1      | Reached XP level 2. HP: 16/16 MP: 3/3
   218 | D:1      | Found a faded altar of an unknown god.
   282 | D:1      | Reached skill level 3 in Ranged Weapons
   390 | D:1      | You fall into a shaft and drop 1 floor!
   488 | D:2      | Reached XP level 3. HP: 20/21 MP: 4/4
   539 | D:2      | 539 ||| UPGRADING to +0 leather armour.
   540 | D:2      | 540 ||| FLEEEEING.
   541 | D:2      | 541 ||| FLEEEEING.
   542 | D:2      | 542 ||| FLEEEEING.
   543 | D:2      | 543 ||| FLEEEEING.
   544 | D:2      | 544 ||| FLEEEEING.
   545 | D:2      | 545 ||| FLEEEEING.
   546 | D:2      | 546 ||| FLEEEEING.
   547 | D:2      | 547 ||| STAIRDANCE
   549 | D:1      | 549 ||| UPGRADING to +0 leather armour.
   559 | D:1      | 559 ||| DROPPING +0 robe.
   560 | D:1      | 560 ||| UPGRADING to +0 helmet.
   866 | D:1      | 866 ||| UPGRADING to amulet of the acrobat.
   871 | D:1      | 871 ||| READING scroll labelled CEVOKL QORIM.
   874 | D:1      | 874 ||| DROPPING scroll of poison.
  1114 | D:2      | Reached XP level 4. HP: 26/26 MP: 5/5
  1122 | D:2      | 1122 ||| Stepping ~*~*~tactically~*~*~ (water).
  1173 | D:2      | 1173 ||| READING 2 scrolls labelled NETAWO ORAWAM.
  1174 | D:2      | 1174 ||| READING scroll labelled WOSIUL BALO.
  1182 | D:2      | 1182 ||| STAIRDANCE
  1308 | D:2      | Found a shadowy altar of Dithmenos.
  1423 | D:2      | Reached skill level 4 in Ranged Weapons
  1811 | D:3      | Found a hazy altar of Hepliaklqana.
  1882 | D:3      | 1882 ||| Stepping ~*~*~tactically~*~*~ (water).
  2100 | D:3      | Noticed Natasha
  2104 | D:3      | 2104 ||| Stepping ~*~*~tactically~*~*~ (outnumbered).
  2222 | D:3      | Killed Natasha
  2223 | D:3      | Reached XP level 5. HP: 30/30 MP: 6/6
  2294 | D:3      | Found a burning altar of Makhleb.
  2309 | D:3      | Noticed Natasha
  2320 | D:3      | HP: 5/30 [Natasha (7)]
  2321 | D:3      | 2321 ||| READING 2 scrolls of teleportation.
  2321 | D:3      | Slain by Natasha

Levels and vault maps discovered:
D:1:      mushboom_english_gardens, layout_loops_ring,
          ebering_ecumenical_altar_hall, minmay_unequal
D:2:      layout_basic, serial_rivers, chequers_serial_rivers_marsh,
          chequers_serial_rivers_micro_d, chequers_serial_rivers_marsh,
          chequers_serial_rivers_small_3, chequers_serial_rivers_micro_a,
          chequers_serial_rivers_marsh, basic_altar, minmay_rat_gold_closets
D:3:      wander_river, layout_basic, mainiacjoe_overflow_alcove_1,
          nicolae_overflow_hidden_temple, kennysheep_path_1, uniq_natasha

Skill      XL: |  1  2  3  4 |
---------------+-------------+-----
Ranged Weapons | 3 4 |  4.7
Fighting       | 2 |  2.0
Dodging        | |  1.5
Spellcasting   | |  1.0
Hexes          | |  2.6

Action                     |  1- 3 |  4- 6 || total
---------------------------+-------+-------++-------
   Fire: Sling             |   149 |    87 ||   236
    Use: Scroll            |     1 |     3 ||     4
 Armour: Robe              |     4 |       ||     4
         Leather armour    |    30 |    34 ||    64
  Dodge: Dodged            |    55 |    50 ||   105

Table legend:
 A = Non-vault XP
 B = Vault XP
 C = Vault XP percentage of total XP
 D = Non-vault monster count
 E = Vault monster count
 F = Vault count percentage of total count
                 A         B        C        D         E       F
            +---------+---------+-------+---------+---------+-------
      Total |     128 |      44 |  25.6 |      49 |      12 |  19.7
            +---------+---------+-------+---------+---------+-------
        D:1 |      21 |       4 |  16.0 |      14 |       3 |  17.6
        D:2 |      65 |       8 |  11.0 |      25 |       8 |  24.2
        D:3 |      42 |      32 |  43.2 |      10 |       1 |   9.1
            +---------+---------+-------+---------+---------+-------
